 Dungeon Crawl Stone Soup version 0.17.1-2-g5865329 (webtiles) character file.

324 Grim the Twirler (level 6, -7/44 HPs)
             Began as a Formicid Gladiator on Feb 16, 2016.
             Mangled by riffraff's ghost (15 damage)
             ... on level 3 of the Dungeon.
             The game lasted 00:05:09 (2661 turns).

Grim the Twirler (Formicid Gladiator)               Turns: 2661, Time: 00:05:09

Health: -7/44      AC:  3    Str: 20    XL:     6   Next: 78%
Magic:  6/6        EV: 12    Int:  7    God:
Gold:   80         SH:  0    Dex: 13    Spells: 0 memorised, 5 levels left

rFire  . . .     SeeInvis +     a - +0 quarterstaff
rCold  . . .     Clarity  .     b - +0 leather armour
rNeg   . . .     SustAt   .     (no shield)
rPois  .         Gourm    .     (helmet unavailable)
rElec  .         Spirit   .     (no cloak)
rCorr  .         Warding  .     (no gloves)
rMut   .         Stasis   +     (no boots)
MR     .....                    (no amulet)
Stlth  +.........               (no ring)
                                (no ring)

@: not resistant to hostile enchantments, very unstealthy
A: permanent stasis, dig shafts and tunnels, four strong arms, antennae 3
a: Dig, Shaft Self


You were on level 3 of the Dungeon.
You were not hungry.

You visited 1 branch of the dungeon, and saw 3 of its levels.

You collected 80 gold pieces.

Inventory:

Hand Weapons
 a - a +0 quarterstaff (weapon)
Missiles
 c - 2 throwing nets (quivered)
Armour
 b - a +0 leather armour (worn)
Jewellery
 e - a +2 ring of protection {unknown}
Scrolls
 g - 2 scrolls of fog {unknown}
 j - a scroll of identify {unknown}
 k - a scroll of teleportation {unknown}
 l - 2 scrolls of remove curse {unknown}
Potions
 d - a potion of cancellation {unknown}
 h - a potion of degeneration {unknown}
 m - a potion of haste {unknown}
 n - a potion of curing {unknown}
 p - a potion of brilliance {unknown}
Comestibles
 f - a meat ration
 i - 2 beef jerkies
 o - a bread ration
 q - 4 chunks of flesh


   Skills:
 - Level 2.1 Fighting
 + Level 7.1 Staves
 - Level 1.5 Throwing
 - Level 2.6 Dodging


You had 5 spell levels left.
You didn't know any spells.

Dungeon Overview and Level Annotations

Branches:
Dungeon (3/15)

Altars:
Ru
The Shining One

Annotations:
D:3 riffraff's ghost, amateur GrBe


Innate Abilities, Weirdness & Mutations

You are under a permanent stasis effect.
You can dig through walls and to a lower floor.
Your four strong arms can wield two-handed weapons with a shield.
You have a pair of large antennae on your head (SInv).


Message History

A giant gecko comes into view.
You hit riffraff's ghost.
Riffraff's ghost is lightly damaged.
Riffraff's ghost hits you! The giant gecko bites you.
You closely miss riffraff's ghost.
Riffraff's ghost is lightly damaged.
Riffraff's ghost hits you. The giant gecko bites you.
* * * LOW HITPOINT WARNING * * *
You barely miss riffraff's ghost.
Riffraff's ghost is lightly damaged.
The giant gecko bites you.
* * * LOW HITPOINT WARNING * * *
Riffraff's ghost hits you!
* * * LOW HITPOINT WARNING * * *
You hit riffraff's ghost but do no damage.
Riffraff's ghost is lightly damaged.
The giant gecko bites you.
* * * LOW HITPOINT WARNING * * *
Riffraff's ghost hits you!
You die...

........................
........................
........................
........................
........................
........................
........................
#.....................
...#...@W.............
.#...#l...............
...#...#..............
.#...#...#..(.........
...#...#!..#..........
.#...#...#...#........
.#... ...#.. #.. #. .#
..#


You could see riffraff's ghost and a giant gecko.

Vanquished Creatures
  Sigmund (D:2)
  Jessica (D:1)
  An orc wizard (D:3)
  Robin (D:1)
  4 adders (D:2)
  A worm (D:2)
  A giant gecko (D:1)
  An orc (D:2)
  A ball python (D:3)
  4 giant cockroaches
  17 goblins
  12 hobgoblins
  6 bats
  6 kobolds
  8 rats
65 creatures vanquished.

Notes
Turn   | Place    | Note
--------------------------------------------------------------
     0 | D:1      | Grim the Formicid Gladiator began the quest for the Orb.
     0 | D:1      | Reached XP level 1. HP: 16/16 MP: 1/1
    72 | D:1      | Reached XP level 2. HP: 19/22 MP: 2/2
   527 | D:1      | Reached skill level 4 in Staves
   527 | D:1      | Reached XP level 3. HP: 25/27 MP: 3/3
   705 | D:2      | Noticed Robin
  1229 | D:2      | Noticed Jessica
  1239 | D:1      | HP: 1/27 [worm (3)]
  1625 | D:1      | Killed Robin
  1625 | D:1      | Reached XP level 4. HP: 28/33 MP: 4/4
  1627 | D:1      | Killed Jessica
  1627 | D:1      | Reached skill level 5 in Staves
  1696 | D:2      | Found a glowing golden altar of the Shining One.
  1713 | D:2      | Noticed Sigmund
  1837 | D:2      | Killed Sigmund
  1837 | D:2      | Reached skill level 6 in Staves
  1837 | D:2      | Reached XP level 5. HP: 24/38 MP: 5/5
  1837 | D:2      | Reached XP level 6. HP: 27/44 MP: 6/6
  2580 | D:3      | Found a sacrificial altar of Ru.
  2591 | D:3      | Reached skill level 7 in Staves
  2652 | D:3      | Noticed riffraff's ghost (amateur GrBe)
  2661 | D:3      | Mangled by riffraff's ghost

Action                   |  1- 3 |  4- 6 || total
-------------------------+-------+-------++-------
Melee: Quarterstaff      |   113 |    78 ||   191
Throw: Throwing net      |     5 |     3 ||     8
 Stab: Paralysed         |       |     1 ||     1
  Eat: Bread ration      |     1 |       ||     1
       Chunk             |       |     1 ||     1
